Map: Costas tropicales

Players

MrFercho - Winner!

  • Race: Terran Terran
  • Spawn Location: 0:00

tigro

  • Race: Terran Terran
  • Spawn Location: 5:00

VOD

Have the link to the VOD?

Description

Time

  • Played on: July 6, 2019, 10:42 p.m.
  • Length: 21:42
Show
View Real Time Build Order
Export as new Build Order

MrFercho Terran - Winner!

Build Orders:  

Get SALT Encoding   

  12  0:03  SCV  
  13  0:19  Supply Depot  
  13  0:24  SCV  
  14  0:44  SCV  
  14  0:49  Barracks  
  15  0:56  SCV  
  16  0:59  Engineering Bay  
  16  1:49  Marine  
  17  1:58  Refinery  
  17  2:01  SCV  
  18  2:13  SCV  
  19  2:33  Refinery  
  19  2:45  SCV  
  19  2:49  Barracks Tech Lab  
  20  2:58  SCV  
  21  3:10  SCV  
  21  3:30  Marauder  
  23  3:44  Factory  
  23  3:59  Factory  
  23  4:16  Supply Depot  
  23  4:18  Supply Depot x2  
  23  4:20  Supply Depot  
  23  4:38  Reaper, SCV  
  25  4:41  Supply Depot  
  25  4:42  Supply Depot, Terran Infantry Armor Level 1  
  25  4:45  Factory Tech Lab x2  
  25  4:50  SCV  
  26  4:56  Engineering Bay  
  26  5:02  SCV  
  27  5:09  Siege Tank  
  30  5:14  SCV  
  31  5:26  SCV  
  31  5:27  Command Center  
  32  5:33  Refinery  
  32  5:35  Marine  
  32  5:39  Refinery, SCV  
  34  5:45  Terran Infantry Weapons Level 1  
  34  5:51  SCV  
  34  5:53  Marine  
  36  6:03  SCV  
  36  6:04  Armory  
  37  6:11  Marine  
  37  6:15  SCV  
  39  6:29  Marauder  
  40  6:50  Reaper  
  39  7:06  Barracks  
  39  7:11  Terran Infantry Armor Level 2  
  39  7:22  Orbital Command  
  39  7:30  Orbital Command  
  39  7:36  Thor x2  
  51  7:54  SCV  
  51  7:56  Barracks  
  51  7:57  SCV  
  53  8:06  SCV  
  53  8:09  SCV  
  55  8:18  SCV  
  56  8:21  SCV  
  56  8:24  Barracks Tech Lab  
  57  8:30  SCV  
  57  8:33  SCV  
  59  8:35  Terran Infantry Weapons Level 2  
  59  8:42  SCV  
  59  8:45  SCV  
  59  8:48  Terran Vehicle And Ship Armor Level 1  
  61  8:49  Sensor Tower  
  61  9:03  SCV x2  
  63  9:15  SCV x2  
  65  9:25  Sensor Tower  
  65  9:27  SCV  
  65  9:28  Command Center, Barracks Tech Lab, SCV  
  67  9:39  SCV  
  67  9:40  SCV  
  69  9:47  Starport  
  69  9:52  SCV x2  
  71  9:54  Sensor Tower  
  71  10:18  Supply Depot  
  71  10:19  Supply Depot  
  71  10:23  Supply Depot  
  71  10:24  Starport  
  71  10:26  Supply Depot  
  71  10:27  Supply Depot  
  71  10:31  Supply Depot  
  71  10:37  Starport Tech Lab  
  71  10:43  Refinery  
  71  10:46  Siege Tank  
  71  10:48  Cyclone  
  77  10:54  Refinery  
  77  11:15  Armory  
  77  11:17  Armory  
  77  11:18  Thor  
  77  11:20  Hellion  
  77  11:22  Combat Shield  
  77  11:23  Concussive Shells  
  85  11:27  Terran Infantry Weapons Level 3  
  85  11:32  Terran Infantry Armor Level 3  
  85  11:35  Fusion Core  
  85  11:43  Orbital Command  
  85  11:44  Stimpack  
  85  11:47  SCV x2  
  87  11:59  SCV  
  87  12:00  SCV  
  89  12:11  SCV  
  72  12:25  Starport Tech Lab  
  72  12:29  Thor x2  
  84  12:59  Missile Turret  
  84  13:12  Siege Tank x2  
  90  13:14  Infernal Pre-Igniter  
  90  13:15  Mag-Field Accelerator  
  90  13:18  Missile Turret  
  90  13:37  Terran Ship Weapons Level 1, Terran Vehicle And Ship Armor Level 2, Terran Vehicle Weapons Level 1  
  90  13:41  Missile Turret  
  90  13:44  Cyclone  
  93  14:03  Missile Turret  
  93  14:04  Hi-Sec Auto Tracking  
  93  14:21  Command Center  
  93  14:29  Missile Turret  
  93  14:33  Smart Servos  
  93  14:39  Marauder x3  
  99  14:47  Battlecruiser x2  
  111  14:52  Missile Turret  
  111  14:55  Drilling Claws  
  111  14:56  Weapon Refit  
  111  15:00  Marauder  
  111  15:01  Marauder x2  
  117  15:13  Missile Turret  
  117  15:14  Neosteel Armor  
  117  15:22  Marauder  
  119  15:34  Refinery  
  119  15:51  Battlecruiser  
  125  16:00  Refinery  
  125  16:17  Raven  
  127  16:21  Cloaking Field  
  127  16:22  Missile Turret  
  127  16:25  Hyperflight Rotors  
  127  16:38  Terran Ship Weapons Level 2  
  127  16:44  Missile Turret  
  127  16:55  Raven  
  129  17:06  Sensor Tower  
  129  17:28  Banshee  
  132  17:37  Banshee  
  132  17:40  Rapid Reignition System  
  135  18:11  Banshee  
  133  18:20  Banshee  
  133  18:25  Corvid Reactor  
  136  18:36  Advanced Ballistics  
  136  18:54  Banshee  
  138  19:02  Terran Ship Weapons Level 3, Terran Vehicle And Ship Armor Level 3, Terran Vehicle Weapons Level 2  
Show
View Real Time Build Order
Export as new Build Order

tigro Terran 

Build Orders:  

Get SALT Encoding   

  12  0:06  SCV  
  13  0:18  Supply Depot  
  13  0:22  SCV  
  14  0:33  Refinery  
  14  0:41  Refinery  
  14  0:56  Barracks  
  14  1:00  SCV  
  15  1:22  SCV  
  16  1:53  Marine  
  17  2:11  Marine  
  17  2:14  Supply Depot  
  18  2:24  Barracks  
  18  2:29  Marine  
  19  2:38  Engineering Bay  
  19  2:46  Marine  
  20  3:04  Marine  
  20  3:22  Reaper  
  21  3:31  Barracks Tech Lab  
  21  3:54  Reaper  
  22  3:59  Marauder  
  24  4:07  Command Center  
  24  4:24  Terran Infantry Armor Level 1  
  24  4:27  Reaper  
  25  4:59  Reaper  
  26  5:09  Marine  
  26  5:13  Planetary Fortress  
  27  5:21  Combat Shield  
  27  5:39  SCV  
  28  5:44  Barracks Tech Lab  
  28  5:52  SCV  
  29  6:18  Terran Infantry Weapons Level 1  
  29  7:02  Stimpack  
  29  7:06  Missile Turret  
  29  7:23  Planetary Fortress  
  29  7:32  Marine  
  29  7:36  Factory  
  30  7:50  Marine  
  31  8:07  Marine  
  31  8:12  Hi-Sec Auto Tracking  
  32  8:22  Refinery  
  32  8:25  Supply Depot, Marine  
  33  8:41  Concussive Shells  
  33  8:43  Marine  
  33  8:44  Factory Tech Lab  
  34  8:50  Armory  
  34  8:56  Refinery  
  34  9:01  Marine  
  35  9:09  Infernal Pre-Igniter  
  35  9:14  Siege Tank  
  38  9:22  SCV  
  39  9:40  Terran Infantry Weapons Level 2  
  39  9:46  Siege Tank  
  42  10:04  Missile Turret  
  42  10:10  SCV  
  43  10:22  SCV  
  43  10:28  Mag-Field Accelerator  
  44  11:01  Missile Turret  
  44  11:49  Starport  
  44  11:56  Terran Infantry Armor Level 2  
  44  11:58  Terran Vehicle Weapons Level 1  
  35  12:34  Medivac  
  37  12:54  Missile Turret  
  37  13:04  Reaper  
  38  13:13  Marauder  
  40  13:24  Starport Tech Lab  
  40  13:34  Reaper  
  40  13:37  Marauder  
  43  13:47  Thor, Fusion Core  
  49  13:53  Terran Vehicle And Ship Armor Level 1  
  49  13:57  Marine, SCV  
  51  14:06  Rapid Reignition System, Marine  
  52  14:12  Neosteel Armor  
  52  14:17  SCV  
  53  15:47  Terran Ship Weapons Level 1  
  53  15:48  Refinery  
  53  15:57  Drilling Claws  
  53  15:58  Missile Turret  
  53  16:06  Hyperflight Rotors  
  53  16:17  Terran Infantry Weapons Level 3  
  53  16:44  Missile Turret  
  53  16:57  Supply Depot  
  53  17:16  Smart Servos  
  53  17:19  Siege Tank  
  56  17:54  Missile Turret  
  56  18:07  Cloaking Field  
  40  18:30  Marine  
  20  18:36  Siege Tank  
  23  18:46  Missile Turret  
  23  18:48  Marine  
  22  19:06  Marine  
  22  19:08  Command Center, Siege Tank  
  25  19:25  Corvid Reactor  
  27  19:47  Engineering Bay  
Tags
 
Matchup
TvT
Race
Terran
Replay Pack
MrFercho
Add a new tag
Caveats
  • Supply blocks, unpowered buildings, or Contaminate may cause inaccurate times.
  • Supply counts are checked every 10 seconds.